 Dungeon Crawl Stone Soup version 0.31-a0-810-ga77100ea1a (webtiles) character file.

Game seed: 15923055539569044441

242 thirtiethelement the Sneak (level 5, 0/37 HPs)
             Began as a Demonspawn Enchanter on Sept 21, 2023.
             Slain by an orc
             ... wielding a +0 war axe
              (2 damage)
             ... on level 3 of the Dungeon.
             The game lasted 00:07:57 (2354 turns).

thirtiethelement the Sneak (Demonspawn Enchanter)   Turns: 2354, Time: 00:07:57

Health: 0/37       AC:  2    Str:  9    XL:     5   Next: 82%
Magic:  2/8        EV: 12    Int: 16    God:
Gold:   104        SH:  0    Dex: 15    Spells: 4/9 levels left

rFire   . . .        f - +2 short sword (drain)
rCold   . . .        (no shield)
rNeg    + . .        b - +0 robe
rPois   .            (no helmet)
rElec   .            (no cloak)
rCorr   .            (no gloves)
SInv    .            (no boots)
Will    .....        (no amulet)
Stlth   +++          e - ring of positive energy
HPRegen 0.26/turn    (no ring)
MPRegen 0.11/turn

%: no passive effects
@: very slightly contaminated, invisible
A: ignite blood 1, weakness stinger 2
a: no special abilities


You were on level 3 of the Dungeon.
You visited 1 branch of the dungeon, and saw 3 of its levels.

You collected 104 gold pieces.

Inventory:

Hand Weapons
 a - a +1 dagger
 f - a +2 short sword of draining (weapon)
Armour
 b - a +0 robe (worn)
Magical Staves
 i - a staff of earth
Jewellery
 e - a ring of positive energy (left hand)
 m - an amulet of faith
Talismans
 j - a storm talisman
Wands
 o - a wand of mindburst (9)
Scrolls
 g - a scroll of revelation
 n - 2 scrolls of enchant weapon {unknown}
 p - a scroll of teleportation
 q - a scroll of blinking {unknown}
 r - a scroll of identify
 s - a scroll of acquirement {unknown}
Potions
 d - a potion of curing
 h - a potion of enlightenment {unknown}
 k - a potion of heal wounds {unknown}
 l - 2 potions of mutation {unknown}


   Skills:
 + Level 1.3 Fighting
 + Level 2.3 Short Blades
 + Level 2.3 Dodging
 + Level 4.4 Stealth
 + Level 2.5 Spellcasting
 + Level 3.6 Hexes
 + Level 0.3 Ice Magic


You had 4 spell levels left.
You knew the following spells:

 Your Spells              Type           Power      Damage    Failure   Level
a - Ensorcelled Hibernat  Hex/Ice        16%        N/A       13%         2
b - Tukima's Dance        Hex            13%        N/A       13%         3

Your spell library contained the following spells:

 Spells                   Type           Power      Damage    Failure   Level
 Confusing Touch          Hex            13%        N/A       13%         3
 Dazzling Flash           Conj/Hex       14%        N/A       28%         3
 Summon Forest            Summ/Tloc      1%         N/A       99%         5
 Eringya's Noxious Bog    Tmut/Pois      1%         4d6       100%        6
 Summon Hydra             Summ           1%         N/A       100%        7


Dungeon Overview and Level Annotations

Branches:
Dungeon (3/15)

Altars:
Vehumet

Annotations:
D:3 2 transporters, Sundig's ghost, weakling DsFi


Innate Abilities, Weirdness & Mutations

Your demonic aura sometimes causes spilled blood to erupt in flames.
You have a tail ending in a sharp stinger.


Message History

The orc priest closely misses you.
You hear the rusting of a very distant drain.
There is a stone staircase leading up here.
Sundig's ghost takes a fighting stance.
The goblin closely misses you.
You hit the orc priest but do no damage.
You drain the orc priest. You tail-slap the orc priest.
The orc priest is heavily wounded.
The orc priest hits you with a +0 mace.
* * * LOW HITPOINT WARNING * * *
The goblin hits you with a +0 dagger.
* * * LOW HITPOINT WARNING * * *
You hit the goblin.
You kill the goblin!
You flicker for a moment.
You feel better.
The orc priest calls down the wrath of Beogh upon something.
The orc priest closely misses you.
Things that are here:
a +0 dagger; a goblin corpse You hit the orc priest.
You drain the orc priest.
The orc priest is almost dead.
The orc priest hits you with a +0 mace!
* * * LOW HITPOINT WARNING * * *
You barely miss the orc priest.
The orc priest is almost dead.
The orc shouts!
You hit the orc priest but do no damage.
The orc priest is almost dead.
You flicker back into view.
You hear a shout!
The orc priest invokes the aid of Beogh against you.
Pain shoots through your body!
* * * LOW HITPOINT WARNING * * *
You fade into invisibility!
The orc priest hits you but does no damage.
You hit the orc priest.
You kill the orc priest!
The orc hits you with a +0 war axe.
You die...

^.... .. #..o#........... .....
... ##.....†......... #.### ....
#####...###.......... ....
.....###....o#.# #.......... ....
.........##..#o# #..........
...###.##..........†####........#
........#......###..o)###......##
...............###o.#...########
#.......#....<..@o.####.##
#................).......#
#..............©.......###
#......#...#########...#
......##..##8."WWl8##..#
#.....##..#©....wl..#..#
......##..#.#.....#.#..##
.#######..#..#...#..#...# ##
#..#....©....#...#


You could see a phantom (unable to see you), an orc priest (wandering, unable to
see you), Sundig's ghost (unable to see you), a dart slug (unable to see you), 2
orcs and 2 frilled lizards.

Vanquished Creatures
  Sigmund (D:2)
  An orc priest (D:3)
  An adder (D:2)
  2 worms (D:2)
  6 bats
  6 endoplasms
  5 giant cockroaches
  9 goblins
  3 hobgoblins (D:1)
  4 jackals (D:2)
  8 kobolds
  4 quokkas
  5 ball pythons
  A frilled lizard (D:1)
  7 rats
63 creatures vanquished.

Notes
Turn   | Place    | Note
-------+----------+-------------------------------------------
     0 | D:1      | thirtiethelement the Demonspawn Enchanter began the quest
                  | for the Orb.
     0 | D:1      | Reached XP level 1. HP: 13/13 MP: 3/3
    44 | D:1      | Found a faded altar of an unknown god.
   138 | D:1      | Gained mutation: Your demonic aura sometimes causes spilled
                  | blood to erupt in flames. [demonic ancestry]
   138 | D:1      | Reached XP level 2. HP: 19/19 MP: 5/5
   178 | D:1      | Reached skill level 3 in Stealth
   231 | D:1      | Learned a level 2 spell: Ensorcelled Hibernation
   289 | D:1      | Reached skill level 1 in Short Blades
   487 | D:1      | Discovered your monstrous ancestry.
   487 | D:1      | Gained mutation: You have a small tail. [demonic ancestry]
   487 | D:1      | Reached XP level 3. HP: 19/24 MP: 6/6
  1327 | D:2      | Learned a level 3 spell: Tukima's Dance
  1549 | D:2      | Found a radiant altar of Vehumet.
  1852 | D:2      | Gained mutation: You have a tail ending in a sharp stinger.
                  | [demonic ancestry]
  1852 | D:2      | Reached XP level 4. HP: 29/31 MP: 7/7
  1861 | D:2      | Noticed Sigmund
  1988 | D:2      | Killed Sigmund
  1989 | D:2      | Reached skill level 1 in Fighting
  1989 | D:2      | Reached skill level 4 in Stealth
  1989 | D:2      | Reached XP level 5. HP: 37/37 MP: 3/8
  2069 | D:3      | Noticed a phantom
  2069 | D:3      | Found a transporter.
  2259 | D:3      | Noticed Sundig's ghost (weakling DsFi)
  2261 | D:3      | Found a transporter.
  2354 | D:3      | Slain by an orc

Illustrated notes

Levels and vault maps discovered:
D:1:      kennysheep_arrival_seaside, layout_loops_ring, serial_forest,
          infiniplex_forest_clump_diagonal, infiniplex_forest_corner_1,
          infiniplex_forest_split, infiniplex_forest_clump_double,
          infiniplex_forest_clump_medium, shapermc_ecumenical_altar_venn
D:2:      layout_basic, basic_altar, uniq_sigmund
D:3:      layout_rooms, gammafunk_ghost_arena, portal_sewer_entry_e,
          kennysheep_generic_room_3

Skill      XL: |  1  2  3  4 |
---------------+-------------+-----
Stealth        | 3 4 |  4.4
Short Blades   | 1 2 |  2.3
Dodging        | 2 |  2.3
Fighting       | 1 |  1.3
Spellcasting   | |  2.5
Hexes          | |  3.6
Ice Magic      | |  0.3

Action                     |  1- 3 |  4- 6 || total
---------------------------+-------+-------++-------
  Melee: Dagger            |    12 |       ||    12
         Short sword       |   185 |    17 ||   202
         Punch             |     4 |       ||     4
         Tailslap          |    27 |     2 ||    29
   Cast: Ensorcelled Hiber |     4 |     6 ||    10
         Tukima's Dance    |       |     2 ||     2
    Use: Scroll            |       |     3 ||     3
         Potion            |       |     3 ||     3
   Stab: Sleeping          |    15 |     1 ||    16
 Armour: Robe              |    61 |    17 ||    78
  Dodge: Dodged            |    55 |    14 ||    69

Table legend: (Time is in decaauts)
 A = Elapsed time spent in this place.
 B = Non-inter-level travel time spent in this place.
 C = Inter-level travel time spent in this place.
 D = Time resting spent in this place.
 E = Time spent auto-exploring this place.
 F = Levels seen in this place.
 G = Mean time per level.
                   A        B        C        D        E       F      G
               +--------+--------+--------+--------+--------+-----+--------+
         Total |   2343 |   2273 |     70 |    150 |   1366 |   3 |  781.0 |
       Dungeon |   2343 |   2273 |     70 |    150 |   1366 |   3 |  781.0 |
               +--------+--------+--------+--------+--------+-----+--------+

Top non-repeatable levels by time:
     D:1: 1330 daAuts
     D:2: 826 daAuts
     D:3: 186 daAuts
